 Dungeon Crawl Stone Soup version 0.32-a0-33-g74fbe469d6 (webtiles) character file.

Game seed: 12731282227679241120

47 dacreux the Grasshopper (level 3, -2/28 HPs)
             Began as a Gnoll Wanderer on Nov 26, 2022.
             Slain by an orc
             ... wielding a +1 short sword of freezing
              (5 damage)
             ... on level 3 of the Dungeon on Jan 20, 2024.
             The game lasted 00:04:37 (2282 turns).

dacreux the Grasshopper (Gnoll Wanderer)            Turns: 2282, Time: 00:04:37

Health: -2/28      AC:  3    Str:  9    XL:     3   Next: 70%
Magic:  7/7        EV: 26    Int: 12    God:
Gold:   40         SH:  0    Dex: 14    Spells: 6/7 levels left

rFire   . . .        a - +0 mace
rCold   . . .        (no shield)
rNeg    + . .        e - +0 robe
rPois   .            (no helmet)
rElec   .            (no cloak)
rCorr   .            l - +0 pair of gloves
SInv    .            (no boots)
Will    .....        f - amulet of the acrobat
Stlth   ++           n - ring of positive energy
HPRegen 0.24/turn    (no ring)
MPRegen 0.10/turn

%: acrobat
@: acrobatic
A: fangs 1, strong nose, distributed training
a: no special abilities


You were on level 3 of the Dungeon.
You visited 1 branch of the dungeon, and saw 3 of its levels.

You collected 40 gold pieces.

Inventory:

Hand Weapons
 a - a +0 mace (weapon)
 c - a +0 dagger
Missiles
 b - 11 poisoned darts (quivered)
Armour
 e - a +0 robe (worn)
 l - a +0 pair of gloves (worn)
Jewellery
 f - an amulet of the acrobat (around neck)
 n - a ring of positive energy (left hand)
Scrolls
 d - a scroll of fear
 i - a scroll of vulnerability {unknown}
 j - 2 scrolls of enchant armour {unknown}
 k - a scroll of identify {unknown}
 m - a scroll of teleportation {unknown}
 o - 2 scrolls of blinking {unknown}
Potions
 g - 2 potions of attraction {unknown}
 h - a potion of enlightenment {unknown}


   Skills:
 + Level 2.6 Fighting
 + Level 1.0 Short Blades
 + Level 1.0 Long Blades
 + Level 1.0 Axes
 + Level 2.6 Maces & Flails
 + Level 1.0 Polearms
 + Level 1.0 Staves
 + Level 1.0 Ranged Weapons
 + Level 4.6 Throwing
 + Level 1.0 Armour
 + Level 1.0 Dodging
 + Level 2.4 Stealth
 + Level 1.0 Shields
 + Level 1.0 Unarmed Combat
 + Level 2.9 Spellcasting
 + Level 0.7 Conjurations
 + Level 0.7 Hexes
 + Level 0.7 Summonings
 + Level 0.7 Necromancy
 + Level 7.1 Translocations
 + Level 0.7 Fire Magic
 + Level 0.7 Ice Magic
 + Level 0.7 Air Magic
 + Level 0.7 Earth Magic
 + Level 0.7 Alchemy
 + Level 1.0 Invocations
 + Level 1.0 Evocations
 + Level 0.8 Shapeshifting


You had 6 spell levels left.
You knew the following spells:

 Your Spells              Type           Power      Damage    Failure   Level
a - Apportation           Tloc           36%        N/A       1%          1

Your spell library contained the following spells:

 Spells                   Type           Power      Damage    Failure   Level
 Gell's Gravitas          Tloc           18%        N/A       4%          3
 Manifold Assault         Tloc           18%        N/A       13%         4
 Sting                    Conj/Alch      12%        1d3       19%         1
 Cigotuvi's Dreadful Rot  Necr/Alch/Air  6%         N/A       28%         2
 Mercury Vapours          Alch/Air       6%         N/A       28%         2
 Dispel Undead            Necr           3%         3d7       88%         4
 Martyr's Knell           Necr/Summ      3%         N/A       88%         4
 Olgreb's Toxic Radiance  Alch           3%         N/A       88%         4
 Death Channel            Necr           1%         N/A       100%        6


Dungeon Overview and Level Annotations

Branches:
Dungeon (3/15)

Altars:


Innate Abilities, Weirdness & Mutations

You have very sharp teeth.
Your uncanny sense of smell can sniff out nearby items.
Your experience applies equally to all skills.


Message History

You start resting.
HP restored.
You climb downwards.
The orc hits you with a +1 short sword of freezing.
The orc freezes you. The orc closely misses you.
There is a stone staircase leading up, spattered with blood here.
You closely miss the orc.
The orc hits you with a +1 short sword of freezing.
The orc freezes you.
You hit the orc.
The orc is moderately wounded.
The orc misses you.
You hit the orc but do no damage.
The orc is moderately wounded.
The giant cockroach barely misses you.
The orc hits you with a +1 short sword of freezing.
The orc freezes you. The giant cockroach bites you.
You closely miss the orc.
The orc is moderately wounded.
The orc misses you. The giant cockroach closely misses you.
You hit the orc.
The orc is heavily wounded.
The giant cockroach barely misses you.
The orc hits you with a +1 short sword of freezing.
The orc freezes you.
The orc hits you with a +1 short sword of freezing.
The orc freezes you.
* * * LOW HITPOINT WARNING * * *
The giant cockroach barely misses you.
You closely miss the orc. You bite the orc, but do no damage.
The orc is heavily wounded.
The giant cockroach bites you but does no damage.
The orc hits you with a +1 short sword of freezing.
* * * LOW HITPOINT WARNING * * *
The orc freezes you.
* * * LOW HITPOINT WARNING * * *
The giant cockroach attacks as it pursues you!
The giant cockroach completely misses you.
The orc hits you with a +1 short sword of freezing.
You die...

#................#.#####....
.....................# #.
##................#..# ∆
....$............##..#
####.#.###.......##.... ###.
#.#...)...##.###
#.##.#.<.....# ..
#...<.o#B#.....#..
.####..@##..##...# ∆
##.###..# ### #.# #..# #.#
.... .. ..#. ∆ #. #. ..


You could see an orc and a giant cockroach.

Vanquished Creatures
  3 dart slugs
  4 orcs
  4 bats
  6 endoplasms
  2 giant cockroaches
  5 goblins
  A hobgoblin (D:2)
  3 kobolds (D:2)
  3 ball pythons
  A frilled lizard (D:2)
  A rat (D:1)
33 creatures vanquished.

Notes
Turn   | Place    | Note
-------+----------+-------------------------------------------
     0 | D:1      | dacreux the Gnoll Wanderer began the quest for the Orb.
     0 | D:1      | dacreux set off with the following items: a +0 mace, 13
                  | poisoned darts, a +0 dagger, a scroll of fear, a +0 robe;
                  | and the following spell memorised: Apportation; and the
                  | following spells available to memorise: Gell's Gravitas,
                  | Manifold Assault.
     0 | D:1      | Reached XP level 1. HP: 17/17 MP: 4/4
    34 | D:1      | Reached XP level 2. HP: 23/23 MP: 5/5
    34 | D:1      | Upgraded the game from 0.30-a0-374-g95c0257040 to
                  | 0.32-a0-33-g74fbe469d6
   726 | D:2      | Reached XP level 3. HP: 28/28 MP: 7/7
   973 | D:2      | Reached skill level 1 in Invocations
  2214 | D:2      | Reached skill level 1 in Short Blades
  2214 | D:2      | Reached skill level 1 in Long Blades
  2214 | D:2      | Reached skill level 1 in Axes
  2214 | D:2      | Reached skill level 1 in Polearms
  2214 | D:2      | Reached skill level 1 in Staves
  2214 | D:2      | Reached skill level 1 in Ranged Weapons
  2214 | D:2      | Reached skill level 1 in Armour
  2214 | D:2      | Reached skill level 1 in Dodging
  2214 | D:2      | Reached skill level 1 in Shields
  2214 | D:2      | Reached skill level 1 in Unarmed Combat
  2214 | D:2      | Reached skill level 1 in Evocations
  2282 | D:3      | Slain by an orc

Illustrated notes

Levels and vault maps discovered:
D:1:      dpeg_arrival_leaves_temple_mockup, layout_basic
D:2:      layout_loops_ring, minmay_misc_feat_plants
D:3:      layout_loops_ring

Skill      XL: |  1  2  3 |
---------------+----------+-----
Invocations    | 1 |  1.0
Short Blades   | 1 |  1.0
Long Blades    | 1 |  1.0
Axes           | 1 |  1.0
Polearms       | 1 |  1.0
Staves         | 1 |  1.0
Ranged Weapons | 1 |  1.0
Armour         | 1 |  1.0
Dodging        | 1 |  1.0
Shields        | 1 |  1.0
Unarmed Combat | 1 |  1.0
Evocations     | 1 |  1.0
Fighting       | |  2.6
Maces & Flails | |  2.6
Throwing       | |  4.6
Stealth        | |  2.4
Spellcasting   | |  2.9
Conjurations   | |  0.7
Hexes          | |  0.7
Summonings     | |  0.7
Necromancy     | |  0.7
Translocations | |  7.1
Fire Magic     | |  0.7
Ice Magic      | |  0.7
Air Magic      | |  0.7
Earth Magic    | |  0.7
Alchemy        | |  0.7
Shapeshifting  | |  0.8

Action                     || total
---------------------------++-------
  Melee: Mace              ||    51
         Bite              ||     5
  Throw: Dart              ||    58
   Cast: Apportation       ||     1
   Stab: Sleeping          ||     1
 Armour: Robe              ||    37
  Dodge: Dodged            ||    29

Table legend: (Time is in decaauts)
 A = Elapsed time spent in this place.
 B = Non-inter-level travel time spent in this place.
 C = Inter-level travel time spent in this place.
 D = Time resting spent in this place.
 E = Time spent auto-exploring this place.
 F = Levels seen in this place.
 G = Mean time per level.
                   A        B        C        D        E       F      G
               +--------+--------+--------+--------+--------+-----+--------+
         Total |   2283 |   2207 |     76 |    843 |   1103 |   3 |  761.0 |
       Dungeon |   2283 |   2207 |     76 |    843 |   1103 |   3 |  761.0 |
               +--------+--------+--------+--------+--------+-----+--------+

Top non-repeatable levels by time:
     D:2: 1598 daAuts
     D:1: 601 daAuts
     D:3: 83 daAuts
